 Dungeon Crawl Stone Soup version 0.14-a0-2939-ge0b1554 (webtiles) character file.

1336 Kae the Martial Artist (level 8, 0/59 HPs)
             Began as a Pale Draconian Transmuter on Mar 3, 2014.
             Was an Initiate of Sif Muna.
             Slain by an ice beast (11 damage)
             ... on Level 4 of the Dungeon.
             The game lasted 00:08:47 (4739 turns).

Kae the Martial Artist (Pale Draconian Transmuter)  Turns: 4739, Time: 00:08:48

HP   0/59        AC 14     Str 16      XL: 8   Next: 12%
MP  13/13        EV 12     Int 14      God: Sif Muna [......]
Gold 221         SH  0     Dex 13      Spells:  3 memorised,  5 levels left

rFire  . . .     SeeInvis .       - Unarmed
rCold  . . .     Clarity  +     (armour unavailable)
rNeg   . . .     Conserve .     (no shield)
rPois  .         rCorr    .     (helmet restricted)
rElec  .         rRot     .     w - +1 cloak
SustAb . .       Spirit   .     r - +2 pair of gloves {Str+3}
rMut   .         Warding  .     c - +0 pair of boots
Saprov . . .     Stasis   .     (no amulet)
MR     .....                    (no ring)
                                I - +2 ring of protection

@: appendage (expiring), mildly poisoned, slowed, very slow, not resistant to
hostile enchantments, unstealthy
A: breathe steam, unfitting armour, horns 2, clarity, AC +6
a: Breathe Steam, End Transformation, Renounce Religion


You were on level 4 of the Dungeon.
You worshipped Sif Muna.
Sif Muna was noncommittal.
You were hungry.
You had grown temporary horns.
You visited 2 branches of the dungeon, and saw 6 of its levels.
You also visited: Sewer.

You collected 221 gold pieces.

Inventory:

Missiles
 b - 100 arrows
 j - 7 tomahawks (quivered)
 p - 20 poisoned arrows
 D - 10 arrows of flame
Armour
 c - a +0 pair of boots (worn)
 r - a +2 pair of gloves of strength (worn)
 w - a +1 cloak (worn)
Magical devices
 y - a wand of random effects (14)
Comestibles
 a - 6 bread rations
 i - 3 meat rations
 u - an apple
 x - 2 pears
 A - 13 strawberries
 E - a lemon
Scrolls
 q - 3 scrolls of remove curse
 s - 2 scrolls of noise
 H - 2 scrolls of teleportation
Jewellery
 I - a +2 ring of protection (left hand)
Potions
 e - 3 potions of agility
 f - a potion of cure mutation {unknown}
 h - a potion of brilliance {unknown}
 k - a potion of invisibility
 l - a potion of lignification {unknown}
 o - 2 potions of curing
 v - a potion of mutation {unknown}
 z - a potion of flight {unknown}
 B - a potion of speed {unknown}
 C - 2 potions of might {unknown}
 F - a potion of berserk rage
 G - a potion of restore abilities {unknown}
 L - 2 potions of poison
Books
 d - a book of Changes

   Spells                             Type                      Level
   *Beastly Appendage                 Transmutation                1
   *Sticks to Snakes                  Transmutation                2
   *Spider Form                       Transmutation/Poison         3
   Ice Form                           Ice/Transmutation            4
   Blade Hands                        Transmutation                5


   Skills:
 - Level 1.1 Fighting
 - Level 1.7 Dodging
 * Level 8.5 Unarmed Combat
 - Level 2.0 Spellcasting
 + Level 5.7 Transmutations


You had 5 spell levels left.
You knew the following spells:

 Your Spells              Type           Power        Failure   Level  Hunger
a - Beastly Appendage     Trmt           ###...       2%          1    ##.....
b - Sticks to Snakes      Trmt           ###.......   3%          2    ###....
c - Spider Form           Trmt/Pois      #.........   24%         3    ####...


Dungeon Overview and Level Annotations

Branches:
Dungeon (5/16)             Temple (1/1) D:4

Altars:
Ashenzari
Cheibriados
Dithmenos
Kikubaaqudgha
Makhleb
Okawaru
Sif Muna
Trog
Vehumet
Xom


Innate Abilities, Weirdness & Mutations

You can breathe blasts of scalding steam.*
Your pale cyan-grey scales are hard (AC +6).*
Your body does not fit into most forms of armour.
Your cold-blooded metabolism reacts poorly to cold.
You have a pair of horns on your head.*
You possess an exceptional clarity of mind.


Message History

The ice beast is heavily wounded.
You punch the ice beast!
The ice beast is severely wounded.
The ice beast hits you. The ice beast freezes you!
* * * LOW HITPOINT WARNING * * *
You barely miss the ice beast. Your punch misses the ice beast.
The ice beast is severely wounded.
The ice beast completely misses you.
You hit the ice beast but do no damage.
The ice beast is severely wounded.
The ice beast hits you but does no damage.
A kobold comes into view. It is wielding a whip.
You hit the ice beast.
The ice beast is severely wounded.
Your transformation is almost over.
* * * LOW HITPOINT WARNING * * *
You feel sick. The ice beast hits you.
* * * LOW HITPOINT WARNING * * *
The ice beast freezes you!
You feel yourself slow down.
You die...

..######....#
......##....##########
.....................#
.(...............###.#
.................#...#
##.....#######>..#.###########
#..)...# #.#(#.#.........#
#......#######.#I#.#.######.##
#..<...........#@#.#.#^...#.#
#......#######.#.#.#.#.##.#.#
.......#.........#.#...##.#.#
.#.#+#.#.#####.#.#.#.#.##.#.#
.....#.#...........#.#.##.#.#
####.#.######......###.##.#.#
....<....#
##.ยงยงยง.....##.#.#
######.#.# #............#.#
.......#.# #...K.########.#


You could see an ice beast and a kobold.

Vanquished Creatures
  The ghost of Duskembrace the Insei, an experienced DgTm (D:5)
  The ghost of Herrn the Magician, an average DsTm (Sewer)
  An ogre (D:4)
  A centaur (D:4)
  A phantom (D:5)
  A jelly (D:5)
  Crazy Yiuf (D:2)
  A centaur skeleton (D:4)
  A giant frog skeleton (D:4)
  A hound (D:5)
  An iguana (D:4)
  3 worker ants (D:4)
  A hound zombie (D:5)
  A green rat (D:3)
  4 adders
  4 gnolls
  A giant mite (D:3)
  A worm (D:5)
  An ooze (D:3)
  2 orcs
  4 giant cockroaches
  12 hobgoblins
  2 jackals (D:1)
  A quokka (D:4)
  2 ball pythons (D:3)
  9 bats
  A giant cockroach zombie (D:5)
  4 giant geckos
  5 giant newts
  9 goblins
  5 kobolds
  An orc skeleton (D:5)
  45 rats
  A rat skeleton (D:4)
  A fungus (D:2)
131 creatures vanquished.

Vanquished Creatures (others)
  A bat (D:5)
  A fungus (D:2)
2 creatures vanquished.

Grand Total: 133 creatures vanquished

Notes
Turn   | Place    | Note
--------------------------------------------------------------
     0 | D:1      | Kae, the Draconian Transmuter, began the quest for the Orb.
     0 | D:1      | Reached XP level 1. HP: 16/16 MP: 3/3
   274 | D:1      | Reached XP level 2. HP: 21/23 MP: 4/4
   365 | D:1      | Learned a level 2 spell: Sticks to Snakes
   915 | D:2      | Reached XP level 3. HP: 18/28 MP: 4/6
  1936 | D:2      | Learned a level 3 spell: Spider Form
  1968 | D:2      | Noticed Crazy Yiuf
  1981 | D:2      | Gained mutation: You possess an exceptional clarity of mind. [potion of beneficial mutation]
  1996 | D:2      | Killed Crazy Yiuf
  1996 | D:2      | Reached skill level 4 in Unarmed Combat
  2179 | D:2      | Reached XP level 4. HP: 28/35 MP: 4/7
  2599 | D:3      | Found a glowing drain.
  2623 | D:3      | Reached XP level 5. HP: 32/40 MP: 9/9
  2640 | D:3      | Reached skill level 5 in Unarmed Combat
  2710 | Sewer    | Entered a sewer
  2718 | Sewer    | Noticed Herrn's ghost (average DsTm)
  2765 | Sewer    | Killed Herrn's ghost
  2765 | Sewer    | Reached XP level 6. HP: 22/47 MP: 10/10
  3042 | D:3      | Reached skill level 6 in Unarmed Combat
  3156 | D:3      | Found a shimmering altar of Xom.
  3720 | D:4      | Your scales start fading to a pale cyan-grey colour.
  3720 | D:4      | Reached XP level 7. HP: 34/52 MP: 12/12
  3856 | D:4      | Found a staircase to the Ecumenical Temple.
  3954 | Temple   | Entered the Ecumenical Temple
  3968 | Temple   | Became a worshipper of Sif Muna the Loreminder
  4197 | D:4      | Reached skill level 7 in Unarmed Combat
  4277 | D:5      | Entered Level 5 of the Dungeon
  4316 | D:5      | Noticed Duskembrace's ghost (experienced DgTm)
  4363 | D:5      | Killed Duskembrace's ghost
  4363 | D:5      | Reached skill level 5 in Transmutations
  4600 | D:5      | Found a radiant altar of Vehumet.
  4621 | D:5      | Found a snail-covered altar of Cheibriados.
  4663 | D:5      | Reached skill level 8 in Unarmed Combat
  4683 | D:5      | Reached XP level 8. HP: 36/59 MP: 13/13
  4739 | D:4      | Slain by an ice beast

Action                   |  1- 3 |  4- 6 |  7- 9 || total
-------------------------+-------+-------+-------++-------
Melee: Unarmed           |   166 |   235 |   129 ||   530
 Cast: Beastly Appendage |     3 |     6 |     3 ||    12
       Spider Form       |     2 |     1 |       ||     3
Evoke: Wand              |       |       |     1 ||     1
  Use: Potion            |     1 |       |     2 ||     3
       Scroll            |       |     2 |    12 ||    14
 Stab: Distracted        |       |     1 |       ||     1
